 Dungeon Crawl Stone Soup version 0.29.1-13-g9f3cf754e1 (webtiles) character file.

Game seed: 15091861404026585123

195466 protoss039 the Warrior (level 17, -1/128 (143) HPs)
             Began as a Demonspawn Earth Elementalist on Feb 9, 2023.
             Was the Champion of Vehumet.
             Slain by an emperor scorpion simulacrum (33 damage)
             ... on level 3 of the Spider Nest.
             The game lasted 01:49:52 (33868 turns).

protoss039 the Warrior (DsEE)                      Turns: 33868, Time: 01:49:53

HP:   -1/128 (143)  AC: 25    Str: 10    XL:     17   Next: 71%
MP:   13/44         EV: 12    Int: 24    God:    Vehumet [******]
Gold: 988           SH:  0    Dex: 13    Spells: 5/44 levels left

rFire   . . .      SeeInvis +   m - +5 glaive of the Guard {elec, spectral, AC+5}
rCold   . . .      Faith    .   (shield currently unavailable)
rNeg    . . .      Spirit   .   K - +1 leather armour "Jickeobuo" {rElec Will+ MP+9}
rPois   .          Reflect  .   (helmet unavailable)
rElec   +          Harm     .   z - +2 cloak {Will+}
rCorr   .          Rampage  .   v - +1 pair of gloves {Stlth+}
Will    +++..                   r - +0 pair of boots
Stlth   +++.......              k - amulet of regeneration
HPRegen 1.11/turn               p - ring of flight
MPRegen 0.58/turn               x - +4 ring of slaying

@: sanguine armoured, flying, slowed, heavily drained, very slow
A: antennae 3, spiny 2, magic regeneration, sanguine armour 2
}: 1/15 runes: decaying
a: Renounce Religion


You were on level 3 of the Spider Nest.
You worshipped Vehumet.
Vehumet was exalted by your worship.
You visited 6 branches of the dungeon, and saw 30 of its levels.
You also visited: Ossuary and Ice Cave.

You collected 2862 gold pieces.
You spent 1874 gold pieces at shops.

Inventory:

Hand Weapons
 m - the +5 glaive of the Guard (weapon) {elec, spectral, AC+5}
   (You found it on level 12 of the Dungeon)

   It occasionally discharges a powerful burst of electricity upon striking a
   foe.
   When it strikes, its spirit leaps out and fights alongside the wielder.
   AC:        It affects your AC (+5).
 n - the +7 lajatang of Order {silver, rMut}
   (You found it on level 1 of the Swamp)

   It inflicts extra damage upon those it strikes, and deals substantially
   increased damage to chaotic, mutated and magically transformed beings.
   rMut:      It protects you from mutation.
 t - a +4 dagger of venom
 Q - the +7 dagger "Lirunahi" {vorpal, Will+ Str+2 Dex+2}
   (You found it on level 10 of the Dungeon)

   It inflicts extra damage upon your enemies.
   Str:       It affects your strength (+2).
   Dex:       It affects your dexterity (+2).
   Will:      It increases your willpower.
 Y - the +12 whip "Kiumyth" {vorpal, rC++ Dex-3}
   (You found it on level 2 of the Spider Nest)

   It inflicts extra damage upon your enemies.
   Dex:       It affects your dexterity (-3).
   rC:        It greatly protects you from cold.
Missiles
 q - 9 throwing nets
Armour
 r - a +0 pair of boots (worn)
 u - a +2 robe of resistance
 v - a +1 pair of gloves of stealth (worn)
 z - a +2 cloak of willpower (worn)
 K - the +1 leather armour "Jickeobuo" (worn) {rElec Will+ MP+9}
   (You found it on level 2 of the Swamp)

   rElec:     It insulates you from electricity.
   MP:        It affects your magic capacity (+9).
   Will:      It increases your willpower.
 M - +0 acid dragon scales
 R - the +2 tower shield of Maum {rElec Str+4 Int+2}
   (You took it off Louise on level 3 of the Swamp)

   Str:       It affects your strength (+4).
   Int:       It affects your intelligence (+2).
   rElec:     It insulates you from electricity.
Magical Staves
 S - a staff of poison
Jewellery
 k - an amulet of regeneration (around neck)
 p - a ring of flight (left hand)
 x - a +4 ring of slaying (right hand)
 L - a ring of protection from fire
 V - a ring of protection from cold
Wands
 j - a wand of polymorph (14)
 o - a wand of flame (10)
 w - a wand of charming (21)
 G - a wand of roots (32)
 N - a wand of light (6)
 X - a wand of mindburst (4)
Scrolls
 a - 4 scrolls of enchant armour
 d - 5 scrolls of amnesia
 f - 2 scrolls of magic mapping
 g - 4 scrolls of butterflies
 h - a scroll of blinking
 i - 12 scrolls of teleportation
 s - 7 scrolls of poison
 A - 5 scrolls of fear
 H - 9 scrolls of identify
 P - a scroll of summoning
 W - 2 scrolls of immolation
Potions
 b - 2 potions of magic
 c - 2 potions of ambrosia
 e - 19 potions of curing
 l - 5 potions of heal wounds
 B - 8 potions of haste
 C - 7 potions of flight
 D - 4 potions of invisibility
 E - 5 potions of lignification
 F - 7 potions of mutation
 I - 3 potions of might
 J - 7 potions of brilliance
 O - 2 potions of resistance
Miscellaneous
 T - a condenser vane
 U - a phantom mirror


   Skills:
 * Level 15.7 Fighting
 - Level 6.0 Armour
 - Level 3.0 Dodging
 - Level 3.0 Stealth
 + Level 14.0 Spellcasting
 + Level 14.9 Conjurations
 - Level 9.0 Necromancy
 - Level 6.0 Transmutations
 - Level 3.0 Ice Magic
 - Level 3.0 Air Magic
 + Level 14.1 Earth Magic


You had 5 spell levels left.
You knew the following spells:

 Your Spells              Type           Power      Damage    Failure   Level
a - Sandblast             Erth           100%       2d20      0%          1
b - Passwall              Tmut/Erth      50%        N/A       1%          2
c - Stone Arrow           Conj/Erth      100%       3d13      1%          3
d - Swiftness             Air            31%        N/A       3%          3
e - Ozocubu's Refrigerat  Ice            15%        4d10      92%         7
h - Freezing Cloud        Conj/Ice/Air   25%        6-21      1%          5
i - Borgnjor's Vile Clut  Necr/Erth      32%        N/A       1%          5
j - Iron Shot             Conj/Erth      36%        9d7       1%          6
k - Orb of Destruction    Conj           36%        9d11      2%          7

Your spell library contained the following spells:

 Spells                   Type           Power      Damage    Failure   Level
 Shatter                  Erth           35%        3d28*     95%         9
 Chain Lightning          Conj/Air       28%        3d37      100%        9
 Polar Vortex             Ice            15%        N/A       100%        9
 Magic Dart               Conj           100%       1d8       0%          1
 Foxfire                  Conj/Fire      100%       2x1d9     1%          1
 Sting                    Tmut/Pois      100%       1d8       1%          1
 Static Discharge         Conj/Air       56%        3-10/arc  1%          2
 Conjure Flame            Conj/Fire      52%        6-21      1%          3
 Frozen Ramparts          Ice            62%        1d10      1%          3
 Mephitic Cloud           Conj/Pois/Air  45%        N/A       1%          3
 Animate Dead             Necr           56%        N/A       1%          4
 Dispel Undead            Necr           56%        3d20      1%          4
 Flame Wave               Conj/Fire      52%        2d13      1%          4
 Petrify                  Tmut/Erth      60%        N/A       1%          4
 Fireball                 Conj/Fire      26%        3d12      1%          5
 Lightning Bolt           Conj/Air       28%        1d44      1%          5
 Animate Armour           Summ/Erth      100%       N/A       2%          4
 Leda's Liquefaction      Hex/Erth       25%        N/A       2%          4
 Ensorcelled Hibernation  Hex/Ice        48%        N/A       3%          2
 Inner Flame              Hex/Fire       16%        N/A       3%          3
 Apportation              Tloc           32%        N/A       4%          1
 Blink                    Tloc           32%        N/A       7%          2
 Call Imp                 Summ           16%        N/A       7%          2
 Ice Form                 Ice/Tmut       38%        N/A       7%          4
 Corpse Rot               Necr/Pois/Air  36%        N/A       9%          4
 Blade Hands              Tmut           22%        N/A       11%         5
 Call Canine Familiar     Summ           16%        N/A       13%         3
 Gell's Gravitas          Tloc           16%        N/A       13%         3
 Lesser Beckoning         Tloc           16%        N/A       13%         3
 Portal Projectile        Hex/Tloc       32%        N/A       13%         3
 Summon Guardian Golem    Hex/Summ       16%        N/A       13%         3
 Teleport Other           Tloc           16%        N/A       13%         3
 Summon Ice Beast         Ice/Summ       24%        N/A       24%         4
 Alistair's Intoxication  Tmut/Pois      20%        N/A       34%         5
 Cause Fear               Hex            8%         N/A       41%         4
 Manifold Assault         Tloc           16%        N/A       77%         5
 Starburst                Conj/Fire      26%        6d8       9%          6
 Death Channel            Necr           28%        N/A       17%         6
 Lehudib's Crystal Spear  Conj/Erth      36%        10d9      19%         8
 Spellforged Servitor     Conj/Summ      26%        N/A       38%         7
 Dragon Form              Tmut           22%        N/A       97%         7
 Storm Form               Tmut/Air       19%        N/A       99%         7
 Dispersal                Tloc           8%         N/A       100%        6
 Ignition                 Fire           8%         3d5       100%        8
 Maxwell's Capacitive Co  Air            15%        ∞         100%        8
 Necromutation            Tmut/Necr      26%        N/A       100%        8
 Death's Door             Necr           28%        N/A       100%        9
 Dragon's Call            Summ           8%         N/A       100%        9


Dungeon Overview and Level Annotations

Branches:
Dungeon (15/15) Zot: 25921  Temple (0/1) D:7            Lair (5/5) D:11 Zot: 24125
  Swamp (4/4) Lair:2 Zot: 19667  Spider (3/4) Lair:2 Zot: 15353   Slime (0/5) Lair:5
    Orc (2/2) D:12 Zot: 10196     Elf (1/3) Orc:2 Zot: 5722  Vaults (0/5) D:14
Ossuary (visited)           IceCv (visited)
 Depths: D:15

Altars:
Fedhas
Kikubaaqudgha
Makhleb
Nemelex Xobeh
Okawaru
Qazlal
Vehumet
Xom
Jiyva

Shops:
D:10 ((!   D:14 ?   Orc:2 =[!:

Annotations:
D:14 2 transporters
Orc:1 3 runed translucent doors, Sucvi's ghost, journeyman MiFi


Innate Abilities, Weirdness & Mutations

You have a pair of large antennae on your head. (SInv)
You are mostly covered in sharp spines.
You regenerate magic rapidly.
When seriously injured, your blood forms thick armour. (AC +9)


Message History

The zombie hands constrict the boulder beetle simulacrum!!!
The boulder beetle simulacrum vaporises!
You feel extremely sick.
The zombie hands release their grip on the steelbarb worm.
The jorogumo is struck by your spines. The jorogumo hits you!
* * * LOW HITPOINT WARNING * * *
You are more poisoned.
You feel yourself slow down.
The jorogumo hits you but does no damage.
The jorogumo is struck by your spines. The jorogumo hits you!
* * * LOW HITPOINT WARNING * * *
You feel as though you will be slow longer.
Unknown command.
Unknown command.
You feel much better.
You feel extremely sick. The jorogumo is struck by your spines.
You kill the jorogumo!
Vehumet accepts your kill.
You feel your power returning.
Unknown command.
You feel better.
Unknown command.
Unknown command.
Unknown command.
Casting: Borgnjor's Vile Clutch (mildly dangerous; 1% risk of failure)
Confirm with . or Enter, or press ? or * to list all spells.
Aiming: Borgnjor's Vile Clutch (mildly dangerous; 1% risk of failure)
Press: ? - help, Shift-Dir - straight line, f - emperor scorpion simulacrum
Aim: an emperor scorpion simulacrum (100% to hit)
Zombie hands grab the emperor scorpion simulacrum.
The zombie hands constrict the emperor scorpion simulacrum, but do no damage.
The emperor scorpion simulacrum hits you but does no damage.
The emperor scorpion simulacrum claws you but does no damage.
The emperor scorpion simulacrum barely misses you.
The emperor scorpion simulacrum misses you.
The emperor scorpion simulacrum claws you.
* * * LOW HITPOINT WARNING * * *
The emperor scorpion simulacrum freezes you!!
You die...

......^### ^.....≈#
......## ##### .^#..##
##^..## .#~### #.....# ##.#
######..####
#>.###.#....^...######
...~~............Z.w.#
..........^...[.@###$.^...#
............~~..## .......
......^^.##~≈~...# .#.#.#.
.....#####^~~##### ###{..#
..^.........## #.#.
............. ..#
........#### { ##
.......##.# ......##...


You could see a steelbarb worm and an emperor scorpion simulacrum (clutched).

Vanquished Creatures
  Nikola (Swamp:1)
  A tentacled monstrosity (Swamp:4)
  Jorgrun (D:12)
  The ghost of iishen the Markscentaur, an adept CeHu of Okawaru (Spider:2)
  Kirke (Lair:4)
  A thorn hunter (Swamp:1)
  A fenstrider witch (Swamp:3)
  2 storm dragons (D:12)
  A tengu reaver (D:12)
  3 emperor scorpions
  A frost giant (D:12)
  Aizul (Swamp:1)
  An orc warlord (Orc:2)
  Louise (Swamp:3)
  2 ghouls
  A ghost moth (Spider:3)
  A very ugly thing (Swamp:4)
  5 eleionomae
  An entropy weaver (Spider:2)
  4 bunyips
  Snorg (Lair:3)
  An ettin (Orc:1)
  2 green deaths (Swamp:4)
  3 shambling mangroves
  A great orb of eyes (D:12)
  Harold (D:11)
  7 boulder beetles
  4 vault guards (D:14)
  19 hydras
  4 catoblepae
  A radroach (Spider:3)
  3 centaur warriors
  4 ghost crabs
  2 jorogumos (Spider:3)
  7 alligators
  A deep troll shaman (Lair:5)
  A death knight (D:12)
  6 death yaks
  8 two-headed ogres
  2 tengu warriors (D:14)
  2 thrashing horrors (Swamp:4)
  A fire crab (Lair:4)
  6 spriggans
  4 pharaoh ants
  4 skeletal warriors (D:14)
  A goliath frog (Swamp:4)
  3 spriggan druids
  An orb spider (shapeshifter) (D:12)
  A steelbarb worm (Spider:2)
  3 orb spiders
  11 swamp dragons
  8 bog bodies
  Pikel (D:9)
  A wizard (D:14)
  4 deep elf pyromancers
  6 orc knights
  4 orc sorcerers
  8 ugly things
  11 wolf spiders
  3 will-o-the-wisps
  6 cyclopes
  4 manticores
  Maurice (D:11)
  10 elephants (Lair:5)
  A moth of wrath (Spider:2)
  4 black mambas
  A gargoyle (D:6)
  10 cane toads
  A cane toad (shapeshifter) (D:14)
  3 torpor snails
  Maggie (D:8)
  3 ice statues (IceCv)
  A large abomination (Swamp:4)
  Joseph (D:7)
  4 rime drakes
  4 demonic crawlers
  An orange demon (Swamp:4)
  3 kobold demonologists (D:12)
  An anaconda simulacrum (IceCv)
  8 komodo dragons
  A tengu conjurer (D:14)
  A merfolk (D:15)
  A polar bear (shapeshifter) (D:14)
  A bloated husk (Swamp:3)
  2 meliai
  4 polar bears
  9 tyrant leeches
  11 hornets
  5 trolls
  A raiju (shapeshifter) (D:15)
  16 tarantellas
  A blink frog (shapeshifter) (D:14)
  17 dream sheep
  16 blink frogs
  27 slime creatures
  11 culicivoras
  10 jumping spiders
  6 wyverns
  A vampire (D:10)
  5 shadows
  3 hogs (Lair:4)
  32 yaks
  A wraith (D:14)
  2 basilisks
  3 steam dragons
  4 death yak simulacra (IceCv)
  18 vampire mosquitoes
  17 redbacks
  2 wargs (Orc:2)
  4 acid dragons
  A hydra simulacrum (IceCv)
  10 swamp worms
  13 water moccasins
  11 black bears
  Duvessa (D:5)
  A hornet zombie (D:6)
  43 orc warriors
  3 swamp drakes
  3 ice beasts (D:7)
  A black bear (shapeshifter) (D:13)
  A sky beast (D:7)
  6 ogres
  14 wolves
  4 boggarts (D:15)
  17 centaurs
  A lemure (D:9)
  7 phantoms
  3 kobold brigands
  13 bullfrogs
  6 necrophages
  A two-headed ogre simulacrum (D:11)
  A water moccasin zombie (Ossuary)
  4 wyvern zombies
  A gnoll sergeant (D:6)
  2 scorpions
  4 wights (D:9)
  Dowan (D:5)
  An elephant simulacrum (IceCv)
  6 killer bees
  12 electric eels
  6 howler monkeys
  A crimson imp (D:3)
  9 bullfrog zombies
  7 centaur zombies
  7 hounds
  3 gnoll boudas
  4 jellies
  15 orc priests
  A centaur skeleton (D:6)
  A bullfrog skeleton (D:6)
  9 iguanas
  4 hell rats (Lair:5)
  17 orc wizards
  A troll simulacrum (D:11)
  5 killer bee zombies
  14 mummies
  4 howler monkey zombies (Ossuary)
  7 adders
  25 gnolls
  A naga simulacrum (D:11)
  A shadow imp (D:5)
  2 white imps (D:7)
  3 ufetubi
  5 dart slugs
  91 orcs
  4 ball pythons
  5 bats
  9 endoplasms
  6 giant cockroaches
  13 goblins
  8 hobgoblins
  12 jackals
  10 quokkas
  5 frilled lizards
  21 kobolds
  6 rats
  3 briar patches (Swamp:1)
1029 creatures vanquished.

Vanquished Creatures (collateral kills)
  2 ugly things
  A gargoyle (D:10)
  2 orc warriors
5 creatures vanquished.

Vanquished Creatures (others)
  A meliai (shapeshifter) (D:10)
  A bloated husk (Swamp:3)
  A dream sheep (Lair:5)
  A quokka (D:5)
  6 foxfires
  20 fungi
  14 plants
  7 withered plants
51 creatures vanquished.

Grand Total: 1085 creatures vanquished

Notes
Turn   | Place    | Note
-------+----------+-------------------------------------------
     0 | D:1      | protoss039 the Demonspawn Earth Elementalist began the
                  | quest for the Orb.
     0 | D:1      | Reached XP level 1. HP: 13/13 MP: 3/3
   149 | D:1      | Gained mutation: You are partially covered in sharp spines.
                  | [demonic ancestry]
   149 | D:1      | Reached XP level 2. HP: 12/20 MP: 3/5
   279 | D:1      | Reached skill level 1 in Fighting
   729 | D:1      | Reached XP level 3. HP: 26/26 MP: 6/6
  1189 | D:1      | Found a faded altar of an unknown god.
  1235 | D:1      | Learned a level 2 spell: Passwall
  1239 | D:1      | Learned a level 3 spell: Stone Arrow
  1495 | D:2      | Reached XP level 4. HP: 33/33 MP: 5/8
  2173 | D:2      | Reached skill level 2 in Fighting
  2487 | D:3      | Reached skill level 1 in Conjurations
  2808 | D:3      | Reached XP level 5. HP: 37/38 MP: 5/9
  3205 | D:3      | Reached skill level 1 in Armour
  3549 | D:3      | Found a burning altar of Makhleb.
  3550 | D:3      | Found a radiant altar of Vehumet.
  3563 | D:3      | Became a worshipper of Vehumet
  3743 | D:4      | Found a blossoming altar of Fedhas.
  3764 | D:4      | Reached XP level 6. HP: 43/46 MP: 10/10
  3983 | D:4      | Reached skill level 3 in Fighting
  4092 | D:4      | Found a stormy altar of Qazlal.
  4232 | D:4      | Gained mutation: You have a pair of small antennae on your
                  | head. [demonic ancestry]
  4232 | D:4      | Reached XP level 7. HP: 52/52 MP: 12/12
  4558 | D:4      | Reached * piety under Vehumet
  4558 | D:4      | Offered knowledge of Magic Dart by Vehumet.
  4935 | D:5      | Entered Level 5 of the Dungeon
  5267 | D:5      | Reached skill level 4 in Fighting
  5275 | D:5      | Gained mutation: You are mostly covered in sharp spines.
                  | [demonic ancestry]
  5275 | D:5      | Reached XP level 8. HP: 44/60 MP: 14/14
  5744 | D:5      | Found a sparkling altar of Nemelex Xobeh.
  5906 | D:5      | Reached skill level 5 in Earth Magic
  6273 | D:5      | Reached ** piety under Vehumet
  6412 | D:5      | Offered knowledge of Freeze by Vehumet.
  6782 | D:5      | Found an ancient bone altar of Kikubaaqudgha.
  6845 | D:5      | Reached skill level 5 in Spellcasting
  7026 | D:5      | Noticed Duvessa
  7026 | D:5      | Noticed Dowan
  7032 | D:5      | Killed Duvessa
  7033 | D:5      | Reached skill level 5 in Fighting
  7034 | D:5      | Killed Dowan
  7303 | D:6      | Gained mutation: When seriously injured, your blood forms
                  | armour. (AC +9) [demonic ancestry]
  7303 | D:6      | Reached XP level 9. HP: 31/68 MP: 12/17
  7655 | D:6      | Reached skill level 5 in Conjurations
  7713 | D:6      | Offered knowledge of Dazzling Flash by Vehumet.
  7867 | D:6      | Found a shimmering altar of Xom.
  7886 | D:6      | Reached *** piety under Vehumet
  8165 | D:6      | Reached skill level 6 in Fighting
  8165 | D:6      | Reached skill level 5 in Armour
  8214 | D:6      | Noticed a gargoyle
  8241 | D:6      | Killed a gargoyle
  8424 | D:7      | Found a staircase to the Ecumenical Temple.
  8437 | D:7      | Offered knowledge of Iskenderun's Mystic Blast by Vehumet.
  8671 | D:7      | Reached XP level 10. HP: 51/77 MP: 16/19
  8880 | D:7      | Noticed Joseph
  8889 | D:7      | Killed Joseph
  8989 | D:7      | Reached **** piety under Vehumet
  8998 | D:7      | Offered knowledge of Ignite Poison by Vehumet.
  9652 | D:7      | Learned a level 5 spell: Borgnjor's Vile Clutch
  9787 | D:8      | Noticed Maggie
  9796 | D:8      | Killed Maggie
  9956 | D:8      | Found a sand-covered staircase.
  9960 | D:8      | Reached skill level 1 in Necromancy
 10005 | Ossuary  | Entered an ossuary
 10282 | Ossuary  | Reached skill level 7 in Fighting
 10922 | D:8      | Reached ***** piety under Vehumet
 10922 | D:8      | Offered knowledge of Orb of Destruction by Vehumet.
 11693 | D:9      | Noticed Pikel
 11701 | D:9      | Killed Pikel
 11702 | D:9      | Gained mutation: You regenerate magic rapidly. [demonic
                  | ancestry]
 11702 | D:9      | Reached XP level 11. HP: 83/84 MP: 14/22
 12004 | D:9      | Learned a level 7 spell: Orb of Destruction
 12005 | D:10     | Entered Level 10 of the Dungeon
 12005 | D:10     | Found Pyded's Weapon Emporium.
 12025 | D:10     | Found Noiw's Antique Weapon Shoppe.
 12040 | D:10     | HP: 4/85 [yak (10)]
 12140 | D:10     | Identified the +8 war axe "Dezak" {holy, rF+ Str-4 Dex+3}
 12202 | D:10     | Found Oxkocub's Distillery.
 12212 | D:10     | Bought a potion of lignification for 39 gold pieces
 12212 | D:10     | Bought a potion of curing for 39 gold pieces
 12212 | D:10     | Bought a potion of haste for 130 gold pieces
 12212 | D:10     | Bought a potion of resistance for 130 gold pieces
 12212 | D:10     | Bought a potion of curing for 39 gold pieces
 12619 | D:10     | Reached skill level 8 in Fighting
 12655 | D:10     | Noticed an orc knight
 12655 | D:10     | Noticed a green ugly thing
 12666 | D:10     | Killed a green ugly thing
 12767 | D:10     | Reached skill level 5 in Necromancy
 12785 | D:10     | Identified the +7 dagger "Lirunahi" {vorpal, Will+ Str+2
                  | Dex+2}
 13048 | D:11     | Noticed a sea snake
 13093 | D:11     | Noticed Harold
 13102 | D:11     | Killed Harold
 13261 | D:11     | Noticed Maurice
 13265 | D:11     | Killed Maurice
 13314 | D:11     | Found a frozen archway.
 13325 | D:11     | Got the Discursus on Transfiguration and Darkness
 13335 | IceCv    | Entered an ice cave
 13447 | IceCv    | Noticed a white ugly thing
 13460 | IceCv    | Killed a white ugly thing
 13872 | IceCv    | Noticed a white ugly thing
 13889 | IceCv    | Gained mutation: You have a pair of antennae on your head.
                  | [demonic ancestry]
 13889 | IceCv    | Reached XP level 12. HP: 85/94 MP: 13/24
 14084 | D:11     | Reached skill level 9 in Fighting
 14140 | D:11     | Found a staircase to the Lair.
 14285 | D:11     | Noticed a two-headed ogre
 14290 | D:11     | Killed a two-headed ogre
 14755 | D:12     | Noticed a boulder beetle
 14827 | D:12     | Killed a boulder beetle
 14871 | D:12     | Found a staircase to the Orcish Mines.
 14888 | D:12     | Noticed a two-headed ogre
 14892 | D:12     | Killed a two-headed ogre
 14984 | D:12     | Identified the +1 ring mail of Uskayaw's Favour {Rampage
                  | *Slow rElec rC+}
 15006 | D:12     | Offered knowledge of Iskenderun's Battlesphere by Vehumet.
 15208 | D:12     | Noticed Jorgrun
 15226 | D:12     | Noticed a seven-headed hydra
 15234 | D:12     | Noticed a death knight
 15264 | D:12     | Killed a seven-headed hydra
 15271 | D:12     | Killed a death knight
 15347 | D:12     | Noticed a great orb of eyes
 15353 | D:12     | Killed a great orb of eyes
 15379 | D:12     | Noticed a storm dragon
 15390 | D:12     | Killed a storm dragon
 15391 | D:12     | Reached skill level 10 in Fighting
 15582 | D:12     | Reached XP level 13. HP: 91/103 MP: 10/26
 15688 | D:12     | Noticed a frost giant
 15697 | D:12     | Noticed a tengu reaver
 15699 | D:12     | Killed a frost giant
 15700 | D:12     | Reached skill level 10 in Conjurations
 15878 | D:12     | Found the +5 glaive of the Guard {elec, spectral, AC+5}
 16089 | D:12     | Noticed a storm dragon
 16098 | D:12     | Killed a storm dragon
 16261 | D:13     | Reached skill level 10 in Earth Magic
 16441 | D:13     | Reached skill level 10 in Spellcasting
 17288 | D:14     | Found Ocruesaydi's Magic Scroll Boutique.
 17298 | D:14     | Bought a scroll of vulnerability for 40 gold pieces
 17298 | D:14     | Bought a scroll of teleportation for 30 gold pieces
 17298 | D:14     | Bought a scroll of identify for 20 gold pieces
 17298 | D:14     | Bought a scroll of identify for 20 gold pieces
 17320 | D:14     | Reached skill level 1 in Transmutations
 17402 | D:14     | Noticed an iron dragon
 17404 | D:14     | Found a transporter.
 17434 | D:14     | Noticed an eleionoma
 17436 | D:14     | Noticed an azure jelly
 17436 | D:14     | an eleionoma changed into an azure jelly
 17437 | D:14     | Noticed a storm dragon
 17437 | D:14     | an azure jelly changed into a storm dragon
 17443 | D:14     | Found a gate to the Vaults.
 17458 | D:14     | Reached skill level 11 in Fighting
 17538 | D:14     | Identified the amulet "Ziremem" {Acrobat rElec Stlth+}
 17825 | D:14     | Reached XP level 14. HP: 62/113 MP: 28/28
 17955 | D:14     | Identified the +5 war axe "Hudil" {flame, *Rage *Noise
                  | rElec Str+9}
 18083 | D:14     | Found a transporter.
 18140 | D:14     | Noticed a stone giant
 18149 | D:14     | a stone giant changed into a dire elephant
 18154 | D:14     | Noticed a fenstrider witch
 18154 | D:14     | a dire elephant changed into a fenstrider witch
 18243 | D:14     | Noticed an azure jelly
 18244 | D:14     | Noticed a quicksilver dragon
 18244 | D:14     | an azure jelly changed into a quicksilver dragon
 18245 | D:14     | Noticed an acid blob
 18245 | D:14     | a quicksilver dragon changed into an acid blob
 18248 | D:14     | Noticed an iron dragon
 18248 | D:14     | an acid blob changed into an iron dragon
 18250 | D:14     | Noticed an iron giant
 18250 | D:14     | an iron dragon changed into an iron giant
 18253 | D:14     | Noticed a stone giant
 18253 | D:14     | an iron giant changed into a stone giant
 18276 | D:15     | Entered Level 15 of the Dungeon
 18281 | D:15     | Learned a level 3 spell: Swiftness
 18664 | D:15     | Offered knowledge of Fireball by Vehumet.
 19090 | Lair:1   | Entered Level 1 of the Lair of Beasts
 19295 | Lair:1   | You fall into a shaft and drop 1 floor!
 19320 | Lair:2   | Found a hole to the Spider Nest.
 19568 | Lair:2   | Found a staircase to the Swamp.
 21254 | Lair:3   | Noticed Snorg
 21260 | Lair:3   | Killed Snorg
 21365 | Lair:3   | Reached skill level 5 in Transmutations
 21857 | Lair:4   | Reached skill level 12 in Fighting
 22198 | Lair:4   | Offered knowledge of Ozocubu's Refrigeration by Vehumet.
 22880 | Lair:4   | Noticed Kirke
 22885 | Lair:4   | Reached XP level 15. HP: 107/121 MP: 22/30
 23027 | Lair:4   | Noticed a sphinx
 23029 | Lair:4   | Killed Kirke
 23080 | Lair:4   | Learned a level 7 spell: Ozocubu's Refrigeration
 23081 | Lair:5   | Entered Level 5 of the Lair of Beasts
 23801 | Lair:5   | Offered knowledge of Spellforged Servitor by Vehumet.
 23842 | Lair:5   | Got the Folio of Dramatic Exits
 24069 | Lair:5   | Found a viscous altar of Jiyva.
 24072 | Lair:5   | Found a staircase to the Slime Pits.
 24369 | Orc:1    | Entered Level 1 of the Orcish Mines
 24388 | Orc:1    | Reached skill level 13 in Fighting
 24493 | Orc:1    | Reached skill level 1 in Ice Magic
 24599 | Orc:1    | Found a runed translucent gate.
 24599 | Orc:1    | Found a runed translucent gate.
 24600 | Orc:1    | Found a runed translucent gate.
 24601 | Orc:1    | Noticed Sucvi's ghost (journeyman MiFi)
 24601 | Orc:1    | You fall into a shaft and drop 1 floor!
 24601 | Orc:2    | Entered Level 2 of the Orcish Mines
 24601 | Orc:2    | Noticed an orc warlord
 24612 | Orc:2    | Reached skill level 1 in Air Magic
 24622 | Orc:2    | Reached ****** piety under Vehumet
 24856 | Orc:2    | Found a staircase to the Elven Halls.
 24872 | Elf:1    | Entered Level 1 of the Elven Halls
 24949 | Orc:2    | Killed an orc warlord
 25650 | Orc:2    | Found Edemon's Armour Shop.
 25650 | Orc:2    | Found Puessu's Distillery.
 25652 | Orc:2    | Found Ygur's Book Emporium.
 25654 | Orc:2    | Found Laurch's Jewellery Boutique.
 25659 | Orc:2    | Bought a potion of curing for 33 gold pieces
 25659 | Orc:2    | Bought 2 potions of haste for 220 gold pieces
 25659 | Orc:2    | Bought 2 potions of heal wounds for 110 gold pieces
 25659 | Orc:2    | Bought a potion of curing for 33 gold pieces
 25659 | Orc:2    | Bought a potion of heal wounds for 55 gold pieces
 25661 | Orc:2    | Bought a book of Armaments for 468 gold pieces
 25661 | Orc:2    | Bought a book of Iron for 468 gold pieces
 25668 | Orc:2    | Learned a level 6 spell: Iron Shot
 26363 | Orc:1    | Found an iron altar of Okawaru.
 26451 | D:12     | Killed a tengu reaver
 26529 | D:12     | Killed Jorgrun
 26699 | Spider:1 | Entered Level 1 of the Spider Nest
 26725 | Spider:1 | Noticed an emperor scorpion
 26732 | Spider:1 | Killed an emperor scorpion
 26804 | Spider:1 | Gained mutation: When seriously injured, your blood forms
                  | thick armour. (AC +9) [demonic ancestry]
 26804 | Spider:1 | Reached XP level 16. HP: 126/131 MP: 28/32
 26911 | Spider:1 | Offered knowledge of Freezing Cloud by Vehumet.
 26918 | Spider:1 | Learned a level 5 spell: Freezing Cloud
 28019 | Swamp:1  | Entered Level 1 of the Swamp
 28133 | Swamp:1  | Found the +7 lajatang of Order {silver, rMut}
 28661 | Swamp:1  | Noticed Aizul
 28674 | Swamp:1  | Killed Aizul
 28801 | Swamp:1  | Noticed a thorn hunter
 28808 | Swamp:1  | Killed a thorn hunter
 28853 | Swamp:1  | Noticed Nikola
 28862 | Swamp:1  | Killed Nikola
 29263 | Swamp:2  | Identified the +2 chain mail of Rationality {rElec rC-
                  | Dex+5 Stlth-}
 29267 | Swamp:2  | Offered knowledge of Conjure Ball Lightning by Vehumet.
 29343 | Swamp:2  | Identified the +1 leather armour "Jickeobuo" {rElec Will+
                  | MP+9}
 29871 | Swamp:3  | Found a blossoming altar of Fedhas.
 29891 | Swamp:3  | Reached skill level 14 in Fighting
 30035 | Swamp:3  | Identified the +2 tower shield of Maum {rElec Str+4 Int+2}
 30035 | Swamp:3  | Noticed Louise
 30051 | Swamp:3  | Killed Louise
 30057 | Swamp:3  | HP: 1/133 [bog body/bolt of cold (20)]
 30595 | Swamp:4  | Entered Level 4 of the Swamp
 30858 | Swamp:4  | Noticed a tentacled monstrosity
 31054 | Swamp:4  | Gained mutation: You have a pair of large antennae on your
                  | head. (SInv) [demonic ancestry]
 31054 | Swamp:4  | Reached XP level 17. HP: 140/140 MP: 34/34
 31207 | Swamp:4  | Offered knowledge of Shatter by Vehumet.
 31207 | Swamp:4  | Offered knowledge of Chain Lightning by Vehumet.
 31207 | Swamp:4  | Offered knowledge of Polar Vortex by Vehumet.
 31852 | Swamp:4  | Reached skill level 15 in Fighting
 32031 | Swamp:4  | Killed a tentacled monstrosity
 32099 | Swamp:4  | Got a decaying rune of Zot
 32812 | Spider:2 | Found a runed translucent gate.
 32812 | Spider:2 | Found a runed translucent gate.
 32813 | Spider:2 | Found a runed translucent gate.
 32815 | Spider:2 | Noticed iishen's ghost (adept CeHu)
 33097 | Spider:2 | Killed iishen's ghost
 33103 | Spider:2 | Identified the +12 whip "Kiumyth" {vorpal, rC++ Dex-3}
 33868 | Spider:3 | Slain by an emperor scorpion simulacrum

Illustrated notes

Levels and vault maps discovered:
D:1:      dpeg_arrival_simpleton_b, layout_loops_ring,
          shapermc_ecumenical_altar_acropolis, moated_statue
D:2:      layout_loops_corners
D:3:      kennysheep_goblin_castle, layout_basic,
          grunt_temple_overflow_lords_of_destruction
D:4:      minmay_chambers_of_twos, layout_basic, amcnicky_altar_gilded,
          mainiacjoe_overflow_chevrons
D:5:      minmay_skewed_foursquare, layout_basic, lemuel_crystal_altar,
          kennysheep_little_box, nicolae_tso_swordbearing_angel,
          elyvilon_altar_4, grunt_ministairs_14, st_stairs_11, uniq_duvessa
D:6:      minmay_chambers_of_fours, layout_rooms, lemuel_tele_altar,
          serial_undead, serial_undead_a, serial_undead_e, serial_undead_a,
          serial_undead_c, serial_undead_c, serial_undead_b,
          serial_bayou_pond_e, nrook_uturn
D:7:      layout_basic, minmay_temple_entry_purple_smoke, serial_curves,
          eino_curves_02, eino_curves_04, nicolae_kite_square_tiling_tiny,
          minivault_25, uniq_joseph
D:8:      layout_loops_ring, gup_ossuary_entry_pyramid, uniq_maggie
D:9:      layout_gridville, uniq_pikel
D:10:     minmay_chambers_of_sevens, layout_basic, serial_shops, shop,
          nicolae_lakefront_shop, nicolae_diamond_shop
D:11:     layout_basic, grunt_lair_entry_orc_guard_hut,
          portal_ice_cave_entry_ice_simulacra, serial_aquarium,
          aquarium_bridge_square [aquarium_subvault_bridge,
          aquarium_subvault_wall, aquarium_subvault_wall,
          aquarium_subvault_bridge], aquarium_bridge_long_separate
          [aquarium_subvault_balcony, aquarium_subvault_window,
          aquarium_subvault_bridge, aquarium_subvault_bridge,
          aquarium_subvault_wall, aquarium_subvault_bridge], aquarium_window_2,
          aquarium_window_1, aquarium_window_2, aquarium_window_2,
          aquarium_view_2a, aquarium_balcony_double_4, eino_tiny_chamber,
          serial_bayou_pond_c, minivault_1, serial_park_tiny_2, uniq_maurice,
          uniq_harold
D:12:     minmay_guarded_unrand_guard, layout_irregular_city, orc_0_dummy,
          uniq_jorgrun
D:13:     layout_basic
D:14:     gammafunk_sealed_arena, layout_grid_maze,
          lightli_vaults_fourway_checkpoint, hangedman_abyss_or_decor_stabs,
          serial_shops, shop, minmay_microvault
D:15:     hangedman_depths_entry_try_elsewhere_first, layout_irregular_city,
          minmay_misc_feat_four_crosses
Lair:1:   layout_cave_pods, lemuel_fruit_tree
Lair:2:   layout_cave_pods, minmay_swamp_entry_eels,
          hellmonk_spider_entry_not_the_bees, serial_bayou_pond_a
Lair:3:   layout_chaotic_city, serial_rivers, chequers_serial_rivers_room_b,
          chequers_serial_rivers_large_a, chequers_serial_rivers_micro_b,
          chequers_serial_rivers_large_b, chequers_serial_rivers_room_a,
          chequers_serial_rivers_micro_b, uniq_snorg
Lair:4:   nzn_winding_woodlands_small [nzn_winding_woodlands_5x15_cabin,
          nzn_winding_woodlands_center_pierced_h,
          nzn_winding_woodlands_5x15_default], layout_cave_pods,
          serial_bayou_pond_e, st_stairs_9, uniq_kirke
Lair:5:   grunt_lair_end_beastmaster, layout_loops_ring,
          dpeg_slime_entry_corner, minivault_26
Swamp:1:  layout_falls_marsh, evilmike_swamp_ruin_house_4, uniq_nikola,
          uniq_aizul
Swamp:2:  layout_falls_marsh, nicolae_swamp_little_tower
Swamp:3:  layout_basic_swamp, basic_altar, infiniplex_staircase_pool,
          uniq_louise
Swamp:4:  swamp_vile, layout_basic_swamp
Spider:1: layout_spider_delve
Spider:2: layout_spider_delve, ebering_ghost_rock_garden, drop_trap
Spider:3: layout_spider_delve, nicolae_spider_some_kinda_spiderbox
Orc:1:    layout_caves, gammafunk_ghost_fury_of_okawaru
Orc:2:    st_orc_rangers, layout_diamond_mine, basic_altar, lightli_orcish_oven
Elf:1:    eino_elf_arrival_altar, layout_rooms, serial_shops, shop, basic_altar,
          minmay_elf_necromancy, hangedman_glass_teeth, uniq_zenata

Skill      XL: |  1  2  3  4  5  6  7  8  9 10 11 12 13 14 15 16 17 |
---------------+----------------------------------------------------+-----
Fighting       | 1 2 3 4 5 6 7 8 10 11 12 13 14 15 | 15.7
Earth Magic    | 3 4 5 6 7 8 9 10 11 12 13 14 | 14.1
Conjurations   | 1 2 3 4 6 7 8 9 11 12 13 14 | 14.9
Spellcasting   | 3 4 5 6 7 8 9 10 11 12 13 14 | 14.0
Armour         | 1 2 3 4 5 6 |  6.0
Necromancy     | 3 6 8 9 |  9.0
Transmutations | 3 5 6 |  6.0
Ice Magic      | 2 3 |  3.0
Air Magic      | 2 3 |  3.0
Dodging        | 2 3 |  3.0
Stealth        | 2 3 |  3.0

Action                   |  1- 3 |  4- 6 |  7- 9 | 10-12 | 13-15 | 16-18 || total
-------------------------+-------+-------+-------+-------+-------+-------++-------
Melee: Unarmed           |    13 |       |       |       |     2 |       ||    15
       Dagger            |    61 |    70 |   203 |   121 |       |     2 ||   457
       Punch             |     3 |     1 |     3 |     3 |       |       ||    10
       Spear             |       |    43 |       |       |       |       ||    43
       Glaive            |       |       |       |       |   354 |   108 ||   462
       Staff             |       |       |       |       |       |     7 ||     7
 Cast: Sandblast         |    17 |    24 |    26 |    92 |    11 |     3 ||   173
       Stone Arrow       |       |     3 |    55 |   257 |    79 |     4 ||   398
       Passwall          |       |       |       |     2 |     1 |     2 ||     5
       Borgnjor's Vile C |       |       |       |    17 |   172 |   174 ||   363
       Orb of Destructio |       |       |       |       |    18 |       ||    18
       Iron Shot         |       |       |       |       |    15 |   185 ||   200
       Freezing Cloud    |       |       |       |       |       |    30 ||    30
Evoke: Wand              |       |       |     2 |    11 |     4 |       ||    17
       Condenser vane    |       |       |       |     1 |     3 |       ||     4
       Phantom mirror    |       |       |       |       |     1 |       ||     1
  Use: Scroll            |       |       |    12 |     8 |    14 |     6 ||    40
       Potion            |       |       |     1 |     2 |    12 |    11 ||    26
 Stab: Sleeping          |     3 |     5 |     1 |       |    14 |       ||    23
       Distracted        |       |     1 |       |       |     2 |     1 ||     4
       Petrified         |       |       |       |       |     3 |       ||     3
       Confused          |       |       |       |       |     1 |       ||     1
Armor: Robe              |    11 |     3 |       |       |     1 |    83 ||    98
       Leather armour    |       |    37 |    97 |   103 |   266 |   129 ||   632
Dodge: Dodged            |    59 |    55 |   140 |   144 |   328 |   201 ||   927
